Map: Lightshade LE

Players

Serral - Winner!

  • Race: Zerg Zerg
  • Spawn Location: 5:00

TIME (Oliveira)

  • Race: Terran Terran
  • Spawn Location: 11:00

Event: IEM Katowice 2021

VOD

Have the link to the VOD?

Description

Time

  • Played on: Feb. 23, 2021, 12:51 p.m.
  • Length: 12:51

All games in this series

Show
View Real Time Build Order
Export as new Build Order

Serral Zerg - Winner!

Build Orders: Hatch First 

Get SALT Encoding   

  12  0:00  Drone  
  13  0:12  Overlord  
  13  0:16  Drone  
  14  0:30  Drone x2  
  16  0:47  Hatchery  
  15  0:51  Drone  
  15  0:54  Drone  
  17  0:57  Drone  
  18  1:08  Extractor  
  17  1:13  Spawning Pool  
  17  1:16  Drone  
  17  1:19  Drone  
  18  1:28  Drone  
  19  1:38  Drone  
  20  1:51  Drone  
  21  1:59  Queen x2  
  21  2:00  Zergling x4  
  27  2:10  Overlord  
  27  2:11  Drone  
  28  2:22  Hatchery  
  27  2:26  Drone  
  27  2:29  Drone  
  29  2:31  Drone  
  29  2:35  Drone  
  31  2:41  Queen  
  33  2:47  Overlord  
  33  2:48  Drone  
  34  2:54  Drone x2  
  34  2:57  Metabolic Boost  
  36  3:06  Drone  
  36  3:07  Drone  
  36  3:08  Drone  
  36  3:09  Drone x2  
  41  3:15  Extractor, Roach Warren  
  41  3:18  Drone  
  40  3:20  Drone  
  40  3:25  Overlord  
  41  3:27  Drone  
  41  3:31  Queen  
  41  3:34  Drone  
  45  3:39  Drone  
  45  3:40  Drone  
  45  3:41  Drone  
  48  3:44  Overlord  
  48  3:47  Overlord  
  48  3:55  Roach  
  48  3:56  Roach x2  
  48  3:58  Roach  
  56  4:04  Roach  
  56  4:06  Roach  
  56  4:08  Roach  
  62  4:10  Overlord  
  62  4:13  Zergling x4  
  64  4:19  Zergling x8  
  68  4:26  Overlord  
  68  4:28  Zergling x8  
  72  4:35  Overlord  
  72  4:38  Spore Crawler  
  72  4:39  Ravager x3  
  72  4:45  Zergling x10  
  79  4:51  Overlord  
  79  5:00  Spore Crawler  
  79  5:02  Drone x7  
  79  5:07  Drone x2  
  87  5:13  Drone, Ravager  
  84  5:17  Drone x2  
  80  5:24  Drone x4  
  80  5:26  Drone x2  
  80  5:27  Drone x2  
  82  5:30  Drone x2  
  82  5:32  Drone  
  82  5:34  Lair  
  81  5:39  Drone x2  
  81  5:41  Drone  
  84  5:44  Extractor  
  84  5:46  Evolution Chamber x2  
  84  5:49  Drone x2  
  83  5:50  Drone  
  83  5:55  Drone x2  
  82  5:59  Drone  
  82  6:00  Drone x2  
  81  6:06  Drone x3  
  81  6:08  Drone x3  
  81  6:09  Drone  
  82  6:13  Queen, Zerg Melee Weapons Level 1, Zerg Ground Armor Level 1  
  82  6:14  Queen  
  82  6:16  Extractor x2  
  84  6:18  Extractor  
  84  6:19  Zergling x2  
  84  6:20  Zergling x4  
  84  6:24  Zergling x6, Baneling Nest  
  88  6:32  Zergling x6  
  91  6:37  Zergling x8  
  91  6:39  Hatchery, Queen  
  96  6:44  Zergling x2, Overlord  
  98  6:47  Zergling x2  
  98  6:56  Overlord x2  
  98  6:57  Spire  
  96  7:02  Drone  
  96  7:05  Drone  
  96  7:07  Baneling, Hydralisk Den, Centrifical Hooks  
  96  7:08  Baneling x7  
  97  7:12  Zergling x16  
  106  7:21  Zergling x8  
  106  7:22  Zergling x2  
  111  7:27  Overlord  
  111  7:29  Zergling x2  
  115  7:30  Zergling x6  
  115  7:31  Overlord  
  113  7:41  Baneling x12  
  113  7:46  Zergling x8, Muscular Augments  
  113  7:50  Hatchery  
  115  7:53  Overlord  
  115  7:57  Hydralisk  
  117  7:58  Hydralisk x6  
  117  8:04  Overlord  
  129  8:07  Overlord  
  129  8:13  Zerg Ground Armor Level 2  
  129  8:14  Zerg Missile Weapons Level 1  
  129  8:17  Hydralisk x2  
  133  8:25  Drone x7  
  140  8:31  Drone x2  
  141  8:39  Infestation Pit  
  141  8:41  Hydralisk x4  
  144  8:49  Hydralisk x3  
  144  8:50  Zergling x2  
  151  8:57  Grooved Spines  
  151  9:03  Zergling x10  
  151  9:06  Hatchery  
  151  9:07  Zergling x6  
  150  9:12  Zergling x8  
  151  9:18  Baneling  
  151  9:19  Baneling x7  
  151  9:21  Baneling x9  
  151  9:25  Zergling x8  
  146  9:31  Zergling x12  
  146  9:34  Baneling x6  
  150  9:41  Overlord x2  
  150  9:42  Zergling x8  
  150  9:43  Zergling x2  
  155  9:46  Baneling  
  155  9:47  Baneling x9  
  155  9:49  Zergling x4  
  155  9:53  Zergling x8  
  158  10:01  Zergling x12  
  158  10:03  Baneling x10  
  160  10:11  Zergling x14  
  160  10:12  Zergling x2  
  147  10:17  Zergling x8  
  140  10:25  Zergling x2  
  140  10:26  Zergling x4  
  140  10:27  Baneling x7  
  138  10:29  Zergling x2  
  138  10:30  Zergling x6  
  138  10:32  Baneling x7  
  138  10:34  Zergling x2  
  143  10:38  Baneling x6  
  143  10:39  Zergling x2  
  143  10:40  Zergling x2  
  145  10:44  Zergling x8  
  147  10:51  Zergling x12  
  151  10:58  Hydralisk  
  151  11:01  Hive  
  153  11:06  Overseer  
  153  11:07  Hydralisk x3  
  159  11:17  Hydralisk  
  159  11:18  Hydralisk  
  163  11:21  Hydralisk x2  
  163  11:23  Hatchery  
  166  11:27  Zergling x2  
  166  11:28  Zergling x10  
  166  11:32  Zergling x10  
  176  11:36  Baneling  
  176  11:37  Baneling x7  
  176  11:38  Zergling x4  
  176  11:47  Overlord  
  176  11:48  Zergling x18  
  155  11:55  Baneling x2  
  155  11:56  Baneling x14  
  155  11:57  Zergling x10  
  160  12:02  Baneling x10  
  160  12:05  Zergling x6  
  154  12:11  Zergling x14  
  154  12:14  Zergling x4  
  154  12:15  Zergling x2  
  151  12:21  Zergling x2  
  151  12:22  Zergling x12  
  156  12:27  Zergling x2  
  157  12:32  Zergling x8  
Show
View Real Time Build Order
Export as new Build Order

TIME Terran 

Build Orders: Reaper Expand, Hellion Banshee 

Get SALT Encoding   

  12  0:00  SCV  
  13  0:12  SCV  
  14  0:17  Supply Depot  
  14  0:25  SCV  
  15  0:39  SCV  
  15  0:41  Barracks  
  16  0:43  Refinery  
  16  0:51  SCV  
  17  1:03  SCV  
  18  1:15  SCV  
  19  1:29  Reaper, Orbital Command  
  20  1:39  Command Center  
  20  1:48  Supply Depot  
  20  1:55  SCV  
  20  2:00  Marine  
  22  2:07  SCV  
  23  2:11  Factory  
  23  2:19  SCV  
  23  2:21  Barracks Reactor  
  24  2:31  SCV  
  25  2:37  Command Center  
  25  2:43  SCV  
  25  2:51  Orbital Command  
  25  2:56  SCV  
  25  2:57  Starport  
  26  3:06  Hellion  
  26  3:07  Hellion  
  26  3:11  SCV  
  31  3:13  Refinery  
  31  3:15  Barracks Tech Lab  
  31  3:18  SCV  
  32  3:23  SCV  
  33  3:29  Hellion x2  
  33  3:31  SCV  
  38  3:35  SCV  
  39  3:42  Banshee, Marine  
  39  3:44  SCV  
  44  3:50  SCV, Orbital Command  
  45  3:56  Hellion x2  
  45  3:58  SCV  
  45  4:02  SCV  
  51  4:03  Supply Depot  
  51  4:07  Barracks Tech Lab  
  51  4:10  SCV  
  52  4:17  Hellion x2, SCV  
  52  4:19  SCV  
  58  4:26  SCV  
  58  4:29  Stimpack, Marine  
  60  4:32  SCV  
  60  4:37  Supply Depot  
  60  4:38  SCV, Starport Reactor  
  62  4:43  SCV  
  62  4:44  Barracks  
  63  4:46  Barracks  
  63  4:48  Marine  
  63  4:51  SCV  
  63  4:52  Factory Reactor  
  60  5:07  Marauder  
  53  5:16  SCV  
  53  5:17  Medivac  
  53  5:25  Orbital Command  
  49  5:29  SCV x2  
  49  5:34  Marine  
  51  5:41  SCV  
  52  5:44  Marine x2  
  52  5:45  SCV  
  52  5:46  Engineering Bay  
  52  5:48  Engineering Bay  
  55  5:50  SCV  
  55  5:53  SCV  
  55  5:54  Marine  
  58  5:57  SCV  
  58  5:59  Marine  
  58  6:00  Marine  
  58  6:02  Marine  
  58  6:04  Marine  
  56  6:11  Combat Shield  
  56  6:12  Marine, Siege Tank  
  56  6:13  SCV  
  61  6:19  Liberator, Marine x2, Refinery  
  61  6:20  Refinery  
  61  6:21  Medivac  
  61  6:25  Supply Depot  
  68  6:26  Supply Depot  
  68  6:27  Orbital Command  
  68  6:28  Marine x2  
  68  6:29  SCV  
  68  6:31  SCV  
  72  6:38  Marine x2  
  72  6:39  Marine  
  75  6:46  Marine  
  79  6:47  Siege Tank  
  79  6:51  Barracks, Supply Depot  
  79  6:52  Barracks  
  79  6:54  Marine, Terran Infantry Weapons Level 1  
  79  6:55  SCV  
  79  6:57  SCV  
  79  6:58  SCV  
  83  7:02  Marine  
  83  7:07  Marine  
  85  7:10  SCV  
  85  7:11  Marine  
  85  7:13  Medivac x2  
  91  7:17  Marine  
  91  7:21  Supply Depot  
  91  7:22  Terran Infantry Armor Level 1  
  92  7:23  SCV  
  92  7:25  SCV, Marine, Supply Depot  
  92  7:34  Marine  
  92  7:36  Marine x2  
  93  7:41  Siege Tank  
  93  7:42  SCV x2, Marine  
  99  7:48  Marine  
  99  7:51  Barracks Reactor x2  
  97  7:52  Marine  
  97  7:53  SCV  
  97  7:54  Marine x2  
  99  7:59  SCV, Armory  
  99  8:01  SCV  
  99  8:05  SCV  
  102  8:06  Marine x2  
  102  8:10  Marine, Supply Depot  
  102  8:12  SCV  
  106  8:15  Marine  
  106  8:16  SCV  
  108  8:20  Siege Tank  
  108  8:22  SCV  
  108  8:24  SCV, Marine  
  114  8:30  Marine  
  114  8:31  SCV  
  114  8:33  Supply Depot, Marine x2  
  114  8:34  Medivac, Marine x2  
  119  8:36  Marine  
  119  8:37  Marine  
  124  8:46  Marine x2  
  124  8:48  Marine  
  124  8:49  Terran Infantry Weapons Level 2  
  124  8:54  Marine x3  
  128  8:55  Marine  
  128  8:56  Supply Depot  
  128  8:59  Medivac, Marine x2, Siege Tank  
  136  9:07  SCV  
  136  9:08  Marine  
  117  9:10  Marine x2  
  117  9:12  Marine x3  
  117  9:14  SCV, Marine  
  124  9:17  Medivac, Marine x2  
  124  9:18  SCV  
  124  9:19  SCV  
  124  9:22  Terran Infantry Armor Level 2  
  130  9:25  Marine  
  130  9:26  SCV  
  124  9:32  Marine x2  
  124  9:34  Marine  
  124  9:36  Marine  
  128  9:41  Siege Tank  
  128  9:42  Marine  
  128  9:44  Medivac, Marine  
  135  9:47  Marine  
  135  9:49  Marine x2  
  135  9:50  SCV  
  135  9:51  Marine  
  135  9:52  Marine  
  129  9:54  SCV, Marine x2  
  130  10:00  Marine  
  130  10:02  Marine  
  130  10:05  Marine  
  130  10:06  Marine  
  113  10:17  Marine  
  113  10:18  Marine  
  113  10:19  Marine  
  107  10:25  Marine x6  
  102  10:31  Siege Tank  
  102  10:33  Medivac  
  107  10:35  Marine  
  107  10:37  Marine  
  107  10:39  SCV  
  107  10:41  Marine  
  109  10:43  Marine  
  109  10:45  SCV  
  109  10:50  Medivac  
  109  10:52  Marine  
  109  10:54  SCV  
  109  10:55  Marine  
  114  10:58  Marine  
  114  11:02  Marine  
  116  11:07  Marine  
  116  11:08  Marine  
  116  11:09  Marine x2  
  120  11:11  Marine  
  120  11:14  SCV x2  
  120  11:18  Marine x2  
  124  11:20  Marine  
  124  11:22  Marine  
  127  11:42  Marine x2  
  127  11:43  Marine x2  
  130  11:53  Marine  
  90  11:54  Marine x3  
  90  11:56  Medivac x2, Siege Tank  
  90  11:58  Marine  
  100  12:12  Marine  
  100  12:14  Marine x2  
  76  12:15  Marine  
  76  12:16  Marine  
  76  12:17  Marine x2  
  76  12:22  Marine  
  80  12:26  Marine  
  80  12:29  SCV  

Tags
 
Add a new tag
Caveats
  • Supply blocks, unpowered buildings, or Contaminate may cause inaccurate times.
  • Supply counts are checked every 10 seconds.